[Event "Titled Tuesday Blitz May 23 Late 2023"]
[White "Veiga, Jose Francisco R P Neves"]
[Black "Kirillov, Dmitry"]
[WhiteFideId "1930087"]
[BlackFideId "34180572"]
[WhiteElo "2320"]
[BlackElo "2161"]
[Result "1-0"]
[Round "10"]
[TimeControl "180+2"]
[Date "2023.05.23"]
[WhiteClock "0:01:00"]
[BlackClock "0:00:00"]

1. d4 d5 2. Nf3 e6 3. Bf4 Bd6 4. e3 Nf6 5. Bd3 O-O 6. O-O b6 7. Qe2 Bb7 8. Nbd2 Ne4 9. c4 Nd7 10. Rac1 Rc8 11. cxd5 exd5 12. Ba6 Bxa6 13. Qxa6 Bxf4 14. exf4 Nxd2 15. Nxd2 Qf6 16. Nf3 Qxf4 17. Qxa7 Nf6 18. Qb7 Rfe8 19. Rfe1 g5 20. Rxe8+ Rxe8 21. Qxc7 Qxc7 22. Rxc7 Re2 23. h3 Ne4 24. Ne5 Rxf2 25. Ng4 Rf4 26. Rd7 h5 27. Ne3 Ng3 28. Rxd5 f6 29. h4 Rxh4 30. Kf2 Ne4+ 31. Ke2 Rf4 32. Kd3 Nf2+ 33. Kc4 Re4 34. Nf5 Nd1 35. Rd7 Ne3+ 36. Kd3 1-0


[Site "https://www.chess.com"]

[Event "Titled Tuesday Blitz May 23 Late 2023"]
[White "Toniutti, Ezio"]
[Black "Arencibia Monduy, Antonio"]
[WhiteFideId "113034"]
[BlackFideId "3507939"]
[WhiteElo "2215"]
[BlackElo "2422"]
[Result "1-0"]
[Round "10"]
[TimeControl "180+2"]
[Date "2023.05.23"]
[WhiteClock "0:00:22"]
[BlackClock "0:00:00"]

1. d4 Nf6 2. c4 e6 3. g3 d5 4. Bg2 c6 5. Nf3 Bd6 6. O-O O-O 7. Nc3 Nbd7 8. Nd2 Re8 9. e4 dxe4 10. Ndxe4 Nxe4 11. Nxe4 Be7 12. Be3 Nf6 13. Nc3 Qc7 14. Bf4 Bd6 15. Bxd6 Qxd6 16. c5 Qc7 17. Qe2 Bd7 18. Rfe1 Rad8 19. b4 Rc8 20. Rab1 Rcd8 21. a4 Bc8 22. b5 Rxd4 23. Rec1 Red8 24. bxc6 bxc6 25. Qf3 Bd7 26. Qe2 Be8 27. Qa6 Rd2 28. Qb7 Qe5 29. Qxa7 Ng4 30. Ne4 Re2 31. Re1 Rxe1+ 32. Rxe1 f5 33. Qa5 Qb8 34. Nd6 Nf6 35. Qd2 Bd7 36. Qd4 Nd5 37. h4 1-0


[Site "https://www.chess.com"]

[Event "Titled Tuesday Blitz May 23 Late 2023"]
[White "Mickiewicz, Piotr"]
[Black "Szpar, Milosz"]
[WhiteFideId "1114891"]
[BlackFideId "1184989"]
[WhiteElo "2246"]
[BlackElo "2434"]
[Result "1-0"]
[Round "10"]
[TimeControl "180+2"]
[Date "2023.05.23"]
[WhiteClock "0:00:29"]
[BlackClock "0:01:42"]

1. e4 f5 2. exf5 Kf7 3. Nf3 Nf6 4. d4 d5 5. Bd3 c5 6. dxc5 g6 7. fxg6+ hxg6 8. Ne5+ Kg7 9. Nxg6 Rh5 10. Bf4 Bg4 11. f3 Bf5 12. Nxf8 Kxf8 13. g4 Bxd3 14. Qxd3 Rh3 15. g5 Ne4 16. Qf1 Nxg5 17. Bxg5 Qd7 18. Nd2 Nc6 19. O-O-O Kf7 20. f4 Rah8 21. Nf3 Ke8 22. Ne5 Qf5 23. Rxd5 Rxh2 24. Rxh2 Rxh2 25. Qd1 Qe4 26. Rd8+ Nxd8 27. Qd7+ Kf8 28. Qxd8+ Kg7 29. Qxe7+ Kg8 30. Qf7+ Kh8 31. Ng6+ 1-0


[Site "https://www.chess.com"]

[Event "Titled Tuesday Blitz May 23 Late 2023"]
[White "Morefield, Jason"]
[Black "Gurevich, Dmitry"]
[WhiteFideId "30920825"]
[BlackFideId "2000407"]
[WhiteElo "2171"]
[BlackElo "2506"]
[Result "1-0"]
[Round "10"]
[TimeControl "180+2"]
[Date "2023.05.23"]
[WhiteClock "0:01:35"]
[BlackClock "0:00:22"]

1. e4 c5 2. Nf3 d6 3. d4 cxd4 4. Nxd4 Nf6 5. Nc3 Nc6 6. Bg5 g6 7. Bxf6 exf6 8. Bc4 Bg7 9. O-O Nxd4 10. Qxd4 O-O 11. Qd3 f5 12. Rad1 fxe4 13. Nxe4 Bxb2 14. c3 Bf5 15. Rb1 Ba3 16. Rxb7 Rc8 17. Bd5 Bc5 18. Rfb1 Bxe4 19. Qxe4 Qf6 20. Qc2 Rce8 21. g3 Re7 22. Rxe7 Qxe7 23. Rb7 Qf6 24. c4 h5 25. h4 Kg7 26. Kg2 Kh6 27. Qd2+ Kg7 28. a4 Kh7 29. a5 Kg7 30. Qe2 Re8 31. Qxe8 Qxf2+ 32. Kh3 Qf5+ 33. Kh2 1-0


[Site "https://www.chess.com"]

[Event "Titled Tuesday Blitz May 23 Late 2023"]
[White "Rottenwohrer Suarez, Juan"]
[Black "Timmermans, Mark"]
[WhiteFideId "32068182"]
[BlackFideId "1026399"]
[WhiteElo "2174"]
[BlackElo "2460"]
[Result "0-1"]
[Round "10"]
[TimeControl "180+2"]
[Date "2023.05.23"]
[WhiteClock "0:00:00"]
[BlackClock "0:01:28"]

1. Nf3 Nf6 2. g3 e6 3. Bg2 d5 4. O-O Be7 5. c4 O-O 6. d4 dxc4 7. Qc2 b5 8. a4 b4 9. Nbd2 Bb7 10. Nxc4 Be4 11. Qb3 Nc6 12. e3 Qd5 13. Ncd2 Qxb3 14. Nxb3 Rfc8 15. Nfd2 Bxg2 16. Kxg2 Nb8 17. Nf3 Nbd7 18. Bd2 a5 19. Rfc1 c5 20. dxc5 Nxc5 21. Nxc5 Bxc5 22. Ne5 Bf8 23. Rc6 Ne4 24. Be1 Nc5 25. Rxc8 Rxc8 26. Nc4 Nb3 27. Nb6 Rc6 0-1


[Site "https://www.chess.com"]

[Event "Titled Tuesday Blitz May 23 Late 2023"]
[White "Kovalevsky, Stanislav"]
[Black "cryptoguru02"]
[WhiteFideId "13508598"]
[WhiteElo "2174"]
[BlackElo "2555"]
[Result "0-1"]
[Round "10"]
[TimeControl "180+2"]
[Date "2023.05.23"]
[WhiteClock "0:00:03"]
[BlackClock "0:00:38"]

1. c4 g6 2. Nc3 Bg7 3. g3 c5 4. Bg2 Nc6 5. h4 h6 6. d3 e6 7. Nf3 Nge7 8. Be3 b6 9. Qc1 Bb7 10. O-O d5 11. cxd5 Nxd5 12. Nxd5 Qxd5 13. Nd4 Qd7 14. Nxc6 Bxc6 15. Bxc6 Qxc6 16. d4 c4 17. Rd1 Rc8 18. Qd2 Qd5 19. Rac1 g5 20. h5 O-O 21. f3 Rfd8 22. Qb4 b5 23. Bf2 e5 24. e4 Qd7 25. dxe5 Qxd1+ 26. Rxd1 Rxd1+ 27. Kg2 Bxe5 28. Qxb5 Rd2 29. Qxe5 Rc2 30. Qd4 Rb8 31. Kh2 Rbxb2 32. Kh3 Rxf2 33. Kg4 Rbc2 34. Qd6 Rc3 35. Qxh6 Rfxf3 36. Qxg5+ Kh7 37. Qe7 Rxg3+ 38. Kf4 Rcf3+ 39. Ke5 c3 40. Qf8 c2 41. Qc8 Rf2 42. h6 Rg1 43. Qf5+ Rxf5+ 44. exf5 c1=Q 0-1


[Site "https://www.chess.com"]

[Event "Titled Tuesday Blitz May 23 Late 2023"]
[White "gueraumasague"]
[Black "Rodriguez, Santiago"]
[BlackFideId "3000591"]
[WhiteElo "2551"]
[BlackElo "2249"]
[Result "0-1"]
[Round "10"]
[TimeControl "180+2"]
[Date "2023.05.23"]
[WhiteClock "0:00:00"]
[BlackClock "0:00:14"]

1. e4 c5 2. Nc3 Nc6 3. Bb5 Nd4 4. Nf3 Nxb5 5. Nxb5 d6 6. O-O a6 7. Nc3 Nf6 8. d4 cxd4 9. Nxd4 e5 10. Nb3 h6 11. h3 Be6 12. Be3 Be7 13. Qd3 O-O 14. Rfd1 Rc8 15. a4 Qc7 16. a5 Qc4 17. Ra4 Qxd3 18. Rxd3 Rc6 19. Rb4 Rc7 20. Ra4 Rfc8 21. Nd2 Kf8 22. f4 exf4 23. Bxf4 Rc6 24. Rad4 Rc5 25. Bxd6 Bxd6 26. Rxd6 Rxa5 27. Rd8+ Rxd8 28. Rxd8+ Ke7 29. Rb8 b5 30. e5 Nd7 31. Rb7 Ra1+ 32. Kf2 Rc1 33. Nce4 Rxc2 34. b4 Bd5 35. Ra7 Bxe4 36. Ke3 Bxg2 37. h4 Rc6 38. Nb3 Bd5 39. Nc5 Be6 40. Nxa6 Kd8 41. Ra8+ Ke7 42. Ra7 Kd8 43. Ra8+ Rc8 44. Ra7 Nxe5 45. Nc5 Nd7 46. Ne4 Rc4 47. Nd6 Rxb4 48. Ra8+ Kc7 49. Ne8+ Kb7 50. Ra1 Rxh4 51. Nxg7 Nf6 52. Rf1 Nd5+ 53. Kd2 Rh3 54. Ne8 b4 55. Rb1 Rh2+ 56. Kd3 Kc6 57. Kd4 Rh4+ 58. Ke5 Rh5+ 59. Kd4 Rh4+ 60. Ke5 Rh3 61. Ng7 Re3+ 62. Kd4 Rh3 63. Rb2 b3 64. Rd2 Kb5 0-1


[Site "https://www.chess.com"]

[Event "Titled Tuesday Blitz May 23 Late 2023"]
[White "Erzhanov, Arman"]
[Black "Buchenau, Frank"]
[WhiteFideId "4138821"]
[BlackFideId "4604350"]
[WhiteElo "2138"]
[BlackElo "2157"]
[Result "1-0"]
[Round "10"]
[TimeControl "180+2"]
[Date "2023.05.23"]
[WhiteClock "0:01:06"]
[BlackClock "0:00:15"]

1. e4 e6 2. b3 c5 3. Nf3 Nc6 4. Bb5 Nge7 5. Bb2 a6 6. Bxc6 Nxc6 7. O-O f6 8. Nh4 g6 9. f4 Bg7 10. f5 Ne7 11. fxg6 hxg6 12. Qg4 g5 13. Bxf6 Bxf6 14. Rxf6 Ng8 15. Rg6 Rxh4 16. Rxg8+ Kf7 17. Rxd8 Rxg4 18. Nc3 b6 19. Rf1+ Ke7 20. Rff8 Rf4 21. Rg8 Kd6 22. Rxc8 1-0


[Site "https://www.chess.com"]

[Event "Titled Tuesday Blitz May 23 Late 2023"]
[White "reevecanada"]
[Black "Guerra Tulcan, Lenin"]
[BlackFideId "3601382"]
[WhiteElo "2439"]
[BlackElo "2368"]
[Result "1-0"]
[Round "10"]
[TimeControl "180+2"]
[Date "2023.05.23"]
[WhiteClock "0:01:30"]
[BlackClock "0:00:17"]

1. e4 c5 2. Nf3 e6 3. b3 b6 4. d4 cxd4 5. Nxd4 Bb7 6. Nd2 a6 7. Bb2 Nf6 8. Bd3 d6 9. O-O Be7 10. Qe2 Nbd7 11. Kh1 Nc5 12. f4 Nxd3 13. Qxd3 d5 14. e5 Ne4 15. Nxe4 dxe4 16. Qg3 O-O 17. f5 Bh4 18. Qh3 exf5 19. Nxf5 Bg5 20. e6 fxe6 21. Nxg7 Rxf1+ 22. Rxf1 Qe7 23. Nxe6 Bc8 24. Qg3 Bxe6 25. Qe5 Bf6 26. Rxf6 Rf8 27. Qg5+ Qg7 28. Rxf8+ Kxf8 29. Qxg7+ 1-0


[Site "https://www.chess.com"]

[Event "Titled Tuesday Blitz May 23 Late 2023"]
[White "Mazurkiewicz, Michal"]
[Black "Kisic, Bozidar"]
[WhiteFideId "1124943"]
[BlackFideId "16500350"]
[WhiteElo "2054"]
[BlackElo "2234"]
[Result "1-0"]
[Round "10"]
[TimeControl "180+2"]
[Date "2023.05.23"]
[WhiteClock "0:00:11"]
[BlackClock "0:00:13"]

1. e4 g6 2. d4 Bg7 3. Nc3 d6 4. f4 a6 5. Nf3 Nd7 6. a4 c5 7. Be3 Qa5 8. e5 Nh6 9. dxc5 dxe5 10. fxe5 Ng4 11. Bd4 Ngxe5 12. Nxe5 Bxe5 13. Bxe5 Nxe5 14. Qd4 f6 15. b4 Qc7 16. Nd5 Qd8 17. O-O-O Bg4 18. Rd2 Be6 19. Be2 Qxd5 20. Qxd5 Bxd5 21. Rxd5 Nc6 22. c3 e6 23. Rd6 Ke7 24. Bc4 Nd8 25. Bxe6 Nxe6 26. Re1 Rhe8 27. Rexe6+ Kf7 28. Rxf6+ Kg7 29. Rfe6 Rf8 30. Re7+ Kh6 31. Rxb7 Rf2 32. Rd2 Rf1+ 33. Kc2 Re8 34. c6 Rf6 35. b5 axb5 36. axb5 Rf5 37. c7 Rc5 38. Rd8 Re3 39. Rd3 Re2+ 40. Kb3 Re4 41. Rd4 Re3 42. Rc4 1-0


[Site "https://www.chess.com"]

[Event "Titled Tuesday Blitz May 23 Late 2023"]
[White "Qiao, Cindy"]
[Black "Bruedigam, Martin"]
[WhiteFideId "2620243"]
[BlackFideId "24608033"]
[WhiteElo "1777"]
[BlackElo "2331"]
[Result "0-1"]
[Round "10"]
[TimeControl "180+2"]
[Date "2023.05.23"]
[WhiteClock "0:00:18"]
[BlackClock "0:00:14"]

1. d4 d5 2. Bf4 c5 3. e3 cxd4 4. exd4 Nc6 5. c3 Nf6 6. Nf3 Bg4 7. Nbd2 e6 8. Be2 Be7 9. O-O O-O 10. Re1 Bh5 11. Ne5 Bxe2 12. Qxe2 Nxe5 13. Bxe5 a6 14. Bxf6 Bxf6 15. Nf3 b5 16. a3 Qb6 17. Ne5 Bxe5 18. Qxe5 a5 19. Re3 b4 20. axb4 axb4 21. Rae1 bxc3 22. bxc3 Ra6 23. h4 Qd6 24. Qg5 Qd8 25. Qg4 Qe7 26. Rg3 g6 27. h5 Rfa8 28. Ree3 Ra1+ 29. Kh2 Rf1 30. hxg6 hxg6 31. Qf4 Raa1 32. Rg4 Rh1+ 33. Kg3 Rh5 34. Qb8+ Kg7 35. Rf3 Ra7 36. Qf4 Qc7 37. Qxc7 Rxc7 38. Rgf4 Rh1 39. Re3 Rc1 40. Rff3 Rc6 41. Kh2 g5 42. Rd3 Kg6 43. g3 Ra6 44. Kg2 g4 45. Rf4 f5 46. Rd2 Raa1 47. f3 Rg1+ 48. Kh2 Rh1+ 49. Kg2 Rag1+ 50. Kf2 gxf3 51. Kxf3 Rc1 52. Rd3 Rh2 53. g4 Rhc2 54. gxf5+ exf5 55. Ke3 Rxc3 56. Rf3 Rxd3+ 57. Kxd3 Ra1 58. Rf2 Ra3+ 59. Ke2 Kg5 60. Rf1 f4 61. Rh1 Kf5 62. Rh5+ Ke4 63. Kd2 Kxd4 64. Rf5 Ra2+ 65. Kc1 Ke4 66. Rf7 f3 67. Re7+ Kd3 68. Kb1 Rh2 69. Rf7 Ke3 70. Re7+ Kf2 71. Rf7 Rh1+ 72. Kc2 Re1 73. Kd2 Re5 74. Rg7 Kf1 75. Rf7 f2 76. Rf3 Kg2 77. Rf7 f1=Q 78. Rxf1 Kxf1 79. Kd3 Re4 80. Kd2 Kf2 81. Kd3 Kf3 82. Kd2 Kf4 83. Kd3 Ke5 84. Kc3 d4+ 85. Kd3 Kd5 86. Kd2 Kc4 87. Kc2 Re3 88. Kd2 Re4 89. Kc2 Re5 90. Kd1 Re6 91. Kd2 Re7 92. Kc2 Re2+ 93. Kd1 d3 94. Kc1 Kc3 95. Kd1 Ra2 96. Ke1 d2+ 97. Kf2 d1=Q+ 98. Ke3 0-1


[Site "https://www.chess.com"]

[Event "Titled Tuesday Blitz May 23 Late 2023"]
[White "Janaszak, Dawid"]
[Black "FuenfgegenWilly"]
[WhiteFideId "1119206"]
[WhiteElo "2220"]
[BlackElo "2378"]
[Result "1-0"]
[Round "10"]
[TimeControl "180+2"]
[Date "2023.05.23"]
[WhiteClock "0:01:16"]
[BlackClock "0:02:07"]

1. d4 d6 2. e4 Nf6 3. Nc3 e5 4. Nge2 Nbd7 5. g4 Nxg4 6. Rg1 Ngf6 7. Bg5 h6 8. Bh4 g5 9. Bg3 c6 10. Qd2 Qa5 11. O-O-O Nh5 12. Kb1 Nxg3 13. Nxg3 Nf6 14. Bc4 Be6 15. d5 cxd5 16. exd5 Bg4 17. Nce4 Qxd2 18. Nxf6+ Ke7 19. Rxd2 Kxf6 20. Ne4+ Kf5 21. Bd3 Bf3 22. Nxg5+ Kf4 23. Nh3# 1-0


[Site "https://www.chess.com"]

[Event "Titled Tuesday Blitz May 23 Late 2023"]
[White "Balla, Tamas-Kristof"]
[Black "Celestino, Rafael Teixeira"]
[WhiteFideId "1208497"]
[BlackFideId "2108925"]
[WhiteElo "2334"]
[BlackElo "2367"]
[Result "1/2-1/2"]
[Round "10"]
[TimeControl "180+2"]
[Date "2023.05.23"]
[WhiteClock "0:00:36"]
[BlackClock "0:00:25"]

1. f4 e5 2. fxe5 d6 3. exd6 Bxd6 4. Nf3 Nc6 5. g3 Nf6 6. d3 O-O 7. e4 Re8 8. Bg2 Bg4 9. O-O Bc5+ 10. Kh1 Nd4 11. Nbd2 Qd7 12. c3 Nxf3 13. Nxf3 Rad8 14. Bg5 Qxd3 15. Bxf6 gxf6 16. Qxd3 Rxd3 17. Ne1 Rd2 18. Rxf6 Rxb2 19. Nd3 Rb5 20. e5 Be7 21. Rf4 Be2 22. Nc1 Bh5 23. Nb3 c6 24. Re1 Bd8 25. Rfe4 Bg6 26. R4e2 Bh5 27. Re4 Bg6 28. R4e2 Bh5 29. Re4 1/2-1/2


[Site "https://www.chess.com"]

[Event "Titled Tuesday Blitz May 23 Late 2023"]
[White "Blitz"]
[Black "Hernandez Leon, Alberto"]
[BlackFideId "2272555"]
[WhiteElo "2480"]
[BlackElo "2239"]
[Result "1-0"]
[Round "10"]
[TimeControl "180+2"]
[Date "2023.05.23"]
[WhiteClock "0:00:50"]
[BlackClock "0:00:04"]

1. d4 c5 2. d5 g6 3. c4 Bg7 4. Nc3 d6 5. e4 Nf6 6. f4 O-O 7. Be2 e6 8. Nf3 exd5 9. cxd5 b5 10. e5 dxe5 11. fxe5 Ng4 12. Bf4 Re8 13. Bxb5 Bd7 14. O-O a6 15. Bxd7 Nxd7 16. e6 fxe6 17. dxe6 Rxe6 18. Ng5 Bd4+ 19. Kh1 Nde5 20. Nxe6 Qh4 21. Bg3 Qe7 22. Nxd4 Ne3 23. Qb3+ c4 24. Qb6 Nxf1 25. Rxf1 Rf8 26. Rxf8+ Qxf8 27. Qe6+ Qf7 28. Bxe5 1-0


[Site "https://www.chess.com"]

[Event "Titled Tuesday Blitz May 23 Late 2023"]
[White "Santos Flores, Alberto"]
[Black "ThaBarWa"]
[WhiteFideId "3601234"]
[WhiteElo "2235"]
[BlackElo "2340"]
[Result "1-0"]
[Round "10"]
[TimeControl "180+2"]
[Date "2023.05.23"]
[WhiteClock "0:00:40"]
[BlackClock "0:00:05"]

1. e4 e6 2. d4 d5 3. Nc3 Nf6 4. e5 Nfd7 5. Nce2 c5 6. c3 Nc6 7. Nf3 Be7 8. a3 a5 9. Nf4 g5 10. Nh5 cxd4 11. cxd4 Qb6 12. h3 a4 13. Rb1 Rg8 14. Be3 Qb3 15. Qxb3 axb3 16. Bd3 Nb6 17. g4 h6 18. Nd2 Nc4 19. Nxc4 dxc4 20. Bxc4 Na5 21. Bb5+ Bd7 22. Bxd7+ Kxd7 23. Rc1 Rac8 24. Ke2 Nc4 25. Rc3 Nxb2 26. Rxb3 Na4 27. Rxb7+ Rc7 28. Rxc7+ Kxc7 29. f4 Nc3+ 30. Kd3 Nd5 31. fxg5 Nxe3 32. Kxe3 Bxg5+ 33. Ke4 Ra8 34. Rf1 Rxa3 35. Rxf7+ Kc6 36. Nf4 Rg3 37. Nxe6 Re3+ 38. Kf5 Rxh3 39. Nxg5 hxg5 40. Kxg5 Rh1 1-0


[Site "https://www.chess.com"]

[Event "Titled Tuesday Blitz May 23 Late 2023"]
[White "Perez, Maximiliano"]
[Black "Chakravarthi Reddy, M"]
[WhiteFideId "117234"]
[BlackFideId "25009532"]
[WhiteElo "2344"]
[BlackElo "2201"]
[Result "1-0"]
[Round "10"]
[TimeControl "180+2"]
[Date "2023.05.23"]
[WhiteClock "0:01:26"]
[BlackClock "0:00:37"]

1. e4 e5 2. Nf3 Nc6 3. Bc4 Nf6 4. d3 Bc5 5. O-O d6 6. c3 a6 7. a4 Ba7 8. Re1 O-O 9. h3 h6 10. Nbd2 Re8 11. Nf1 Be6 12. Bxe6 Rxe6 13. Ng3 d5 14. Qc2 dxe4 15. dxe4 Ne7 16. Nf5 Ng6 17. g3 Qe8 18. Kg2 Rd8 19. b4 a5 20. bxa5 Ra6 21. Rb1 Qc6 22. Rb5 b6 23. Nxe5 Nxe5 24. Ne7+ Kf8 25. Nxc6 Nxc6 26. e5 Nd5 27. Rd1 Nce7 28. c4 c6 29. Rb3 Rxa5 30. cxd5 cxd5 31. Ba3 Ke8 32. e6 fxe6 33. Re3 Rxa4 34. Bxe7 Kxe7 35. Qc6 Rd6 36. Qxa4 1-0


[Site "https://www.chess.com"]

[Event "Titled Tuesday Blitz May 23 Late 2023"]
[White "Goncalves, Davi Sulzbacher"]
[Black "Matute Escobar, Roxanny"]
[WhiteFideId "2154510"]
[BlackFideId "3926028"]
[WhiteElo "2182"]
[BlackElo "1844"]
[Result "1-0"]
[Round "10"]
[TimeControl "180+2"]
[Date "2023.05.23"]
[WhiteClock "0:00:04"]
[BlackClock "0:00:05"]

1. Nf3 Nf6 2. d4 g6 3. Bf4 Bg7 4. e3 d6 5. Be2 O-O 6. h3 c5 7. O-O cxd4 8. exd4 Nc6 9. c3 a6 10. Nbd2 b5 11. a4 b4 12. Nc4 bxc3 13. bxc3 Nd5 14. Bd2 e5 15. Ne3 Nf4 16. Bc4 e4 17. Ne1 Qg5 18. Kh2 Qh4 19. Ng4 h5 20. Bxf4 hxg4 21. Bxd6 gxh3 22. g3 Qf6 23. Bxf8 Bxf8 24. Rb1 Bd6 25. Bd5 Bd7 26. Bxe4 Re8 27. Qf3 Qxf3 28. Bxf3 Na5 29. Nd3 Bxa4 30. Ra1 Bb5 31. Nf4 Bxf4 32. gxf4 Nb3 33. Ra3 Nd2 34. Rfa1 Nxf3+ 35. Kxh3 Kg7 36. Kg3 Nd2 37. Rxa6 Bxa6 38. Rxa6 Re2 39. d5 Nf1+ 40. Kg2 Nd2 41. d6 Nc4 42. d7 Rd2 43. Rc6 Na5 44. Rc5 Nb7 45. Rc7 Na5 46. c4 Nb3 47. c5 Rd5 48. c6 Na5 49. Rc8 Nxc6 50. Rxc6 Rxd7 51. Rc4 Rd5 52. Kg3 Kf6 53. Kg4 Kg7 54. Rc6 Rf5 55. Rd6 Rb5 56. Rd1 Rb4 57. Rd5 Rb6 58. Kg5 Rb4 59. f3 Rb1 60. f5 Rg1+ 61. Kf4 g5+ 62. Ke3 Kf6 63. Kf2 Ra1 64. Kg3 Ra4 65. Rb5 Rc4 66. Rd5 Rf4 67. Rb5 Rxf5 68. Rb6+ Kg7 69. Kg4 Rc5 70. Rd6 f6 71. Rb6 Kg6 72. Kg3 Rc4 73. Rb8 Kf5 74. Rb5+ Kg6 75. Rb8 Rc3 76. Rb5 Rc4 77. Rb6 Rf4 78. Ra6 Ra4 79. Rxa4 1-0


[Site "https://www.chess.com"]

[Event "Titled Tuesday Blitz May 23 Late 2023"]
[White "Chen, Ryo"]
[Black "Arnold, Ken"]
[WhiteFideId "7003072"]
[BlackFideId "2056836"]
[WhiteElo "2169"]
[BlackElo "2419"]
[Result "1-0"]
[Round "10"]
[TimeControl "180+2"]
[Date "2023.05.23"]
[WhiteClock "0:01:15"]
[BlackClock "0:00:50"]

1. e4 c6 2. Nf3 d5 3. d3 Bg4 4. h3 dxe4 5. hxg4 exf3 6. Qxf3 Nd7 7. Nc3 e6 8. Bf4 Ngf6 9. g5 Nd5 10. Nxd5 cxd5 11. O-O-O Qa5 12. Kb1 Rc8 13. d4 g6 14. Bd3 Bg7 15. c3 b5 16. Rhe1 O-O 17. Bd6 Rfd8 18. Rh1 Nb6 19. Bb4 Qa6 20. Rxh7 Kxh7 21. Qxf7 1-0


[Site "https://www.chess.com"]

[Event "Titled Tuesday Blitz May 23 Late 2023"]
[White "Camilla_Lee"]
[Black "Gatterer, Florian"]
[BlackFideId "811688"]
[WhiteElo "2630"]
[BlackElo "2221"]
[Result "1-0"]
[Round "10"]
[TimeControl "180+2"]
[Date "2023.05.23"]
[WhiteClock "0:00:12"]
[BlackClock "0:00:00"]

1. e4 c5 2. Nf3 e6 3. d4 cxd4 4. Nxd4 Nf6 5. Nc3 Nc6 6. Ndb5 Bc5 7. Nd6+ Ke7 8. Nxc8+ Rxc8 9. Bd3 d5 10. Bg5 d4 11. Ne2 Bb4+ 12. c3 dxc3 13. bxc3 Ne5 14. O-O Qxd3 15. cxb4 h6 16. Qxd3 Nxd3 17. Bxf6+ Kxf6 18. Rfd1 Rhd8 19. Rd2 Nxb4 20. Rb2 Rc2 21. Rxb4 Rxe2 22. Rxb7 Ra8 23. f3 Rc8 24. Kh1 Rcc2 25. Rg1 Rxa2 26. h3 h5 27. h4 g6 28. Kh2 a5 29. Kg3 a4 30. Kf4 a3 31. Rd1 Red2 32. Rc1 Rab2 33. Ra7 Rdc2 34. e5+ Kg7 35. Rxc2 Rxc2 36. Rxa3 Rxg2 37. Ra7 Rg1 38. Rb7 g5+ 39. hxg5 h4 40. Rb2 Kg6 41. Rh2 Kh5 42. Rd2 Rxg5 43. Rd8 Rf5+ 44. Ke4 Kg5 45. Rg8+ Kh5 46. Rh8+ Kg5 47. Rg8+ Kh5 48. Rg7 h3 49. Rh7+ Kg6 50. Rxh3 Rg5 51. f4 Rg1 52. Re3 Rg4 53. Kf3 Kf5 54. Re4 Rh4 55. Rb4 Rh3+ 56. Kg2 Rh4 57. Kg3 Rg4+ 58. Kf3 Rh4 59. Rc4 Rh3+ 60. Kg2 Rh4 61. Kg3 Rg4+ 62. Kf3 Rh4 63. Ra4 Rh3+ 64. Ke2 Rh4 65. Ke3 Rh3+ 66. Kd4 Rf3 67. Ra7 Rxf4+ 68. Ke3 Kxe5 69. Ra5+ Kf6 70. Kxf4 Kg6 71. Ke5 f6+ 72. Kxe6 f5 73. Rxf5 1-0


[Site "https://www.chess.com"]

[Event "Titled Tuesday Blitz May 23 Late 2023"]
[White "Spitzl, Vinzent"]
[Black "a-z30"]
[WhiteFideId "12901253"]
[WhiteElo "2225"]
[BlackElo "2410"]
[Result "1-0"]
[Round "10"]
[TimeControl "180+2"]
[Date "2023.05.23"]
[WhiteClock "0:01:22"]
[BlackClock "0:00:07"]

1. e4 d6 2. d4 Nf6 3. Nc3 g6 4. Be3 Bg7 5. h3 O-O 6. Nge2 e5 7. g4 Nc6 8. Bg2 exd4 9. Nxd4 Bd7 10. O-O Re8 11. Qd2 Nxd4 12. Bxd4 c5 13. Be3 Bc6 14. f3 d5 15. Bxc5 dxe4 16. Qxd8 Raxd8 17. Bxa7 Rd2 18. Rf2 Rxf2 19. Kxf2 exf3 20. Bxf3 Ne4+ 21. Nxe4 Bxe4 22. Bxe4 Rxe4 23. c3 f5 24. Re1 Ra4 25. Bc5 fxg4 26. hxg4 Rxa2 27. Re2 Kf7 28. Re7+ Kf6 29. Rxb7 Bh6 30. Kf3 Bg5 31. Be7+ 1-0


[Site "https://www.chess.com"]

[Event "Titled Tuesday Blitz May 23 Late 2023"]
[White "Melian, Juan Sebastian"]
[Black "Prydun, Andriy"]
[WhiteFideId "3706575"]
[BlackFideId "14145898"]
[WhiteElo "2092"]
[BlackElo "2164"]
[Result "0-1"]
[Round "10"]
[TimeControl "180+2"]
[Date "2023.05.23"]
[WhiteClock "0:00:00"]
[BlackClock "0:00:13"]

1. e4 c6 2. d4 a5 3. Bd3 Na6 4. c3 Nc7 5. Bf4 d5 6. Nd2 dxe4 7. Nxe4 Nf6 8. Nxf6+ exf6 9. Qc2 h6 10. Ne2 Be7 11. O-O-O b5 12. Ng3 Nd5 13. Bd2 a4 14. Nf5 Bxf5 15. Bxf5 O-O 16. g4 b4 17. c4 Nb6 18. Be4 b3 19. axb3 axb3 20. Qxb3 Qxd4 21. Bxc6 Rac8 22. Bb5 Nxc4 23. Bxc4 Rxc4+ 24. Bc3 Qf4+ 25. Kb1 Bb4 26. Rd3 Qe4 27. Rd1 Bxc3 28. bxc3 Rfc8 29. Kb2 Qa8 30. Rd8+ Rxd8 31. Rxd8+ Qxd8 32. Qxc4 Qd2+ 33. Kb3 Qd1+ 34. Kb4 Qd6+ 35. Qc5 Qb8+ 36. Ka4 Qa8+ 37. Kb5 Qb7+ 38. Kc4 Qe4+ 39. Qd4 Qc6+ 40. Kd3 Qf3+ 41. Kc2 Qe2+ 42. Kb3 Qe6+ 43. Qc4 Qb6+ 44. Qb4 Qxf2 45. h3 Qf1 46. Qb8+ Kh7 47. Qg3 Qb1+ 48. Kc4 f5 49. gxf5 Qa2+ 50. Kd4 Qd2+ 51. Qd3 Qf4+ 52. Qe4 Qd6+ 53. Kc4 Qc7+ 54. Kb3 Qb6+ 55. Qb4 Qe3 56. Qd4 Qxh3 57. Qe4 f6 58. Kb4 h5 59. c4 Qg4 60. Qd3 h4 61. Kb5 h3 62. c5 h2 63. Qb1 Qg1 0-1


[Site "https://www.chess.com"]

[Event "Titled Tuesday Blitz May 23 Late 2023"]
[White "Tologon tegin, Semetei"]
[Black "KorolDimitriy75"]
[WhiteFideId "13800574"]
[WhiteElo "2247"]
[BlackElo "2397"]
[Result "1/2-1/2"]
[Round "10"]
[TimeControl "180+2"]
[Date "2023.05.23"]
[WhiteClock "0:00:34"]
[BlackClock "0:00:03"]

1. d4 Nf6 2. Nc3 d5 3. Bf4 g6 4. Qd2 Bg7 5. Bh6 O-O 6. O-O-O c5 7. Bxg7 Kxg7 8. dxc5 Qa5 9. a3 Qxc5 10. e3 Nc6 11. Nf3 e5 12. Be2 Rd8 13. Kb1 Bf5 14. Nh4 Be6 15. f4 exf4 16. exf4 d4 17. Na2 Ne4 18. Qe1 d3 19. Bxd3 Nf2 20. Nc3 Nxh1 21. Qxh1 Rac8 22. f5 Bc4 23. Qf1 Bxd3 24. cxd3 Nd4 25. f6+ Kh8 26. Qf4 Qb6 27. Qh6 Rg8 28. Nf3 Nf5 29. Qh3 Rxc3 30. Ng5 h5 31. g4 Rb3 32. gxh5 Rxb2+ 33. Ka1 Nh6 34. Nxf7+ Kh7 35. Ng5+ Kh8 36. f7 Qb3 37. fxg8=Q+ Kxg8 38. Qe6+ Kg7 39. Qe5+ Kg8 40. Qxb2 Qxd1+ 41. Ka2 Qxd3 42. Qf6 Qc2+ 43. Ka1 Qc1+ 44. Ka2 Qc2+ 45. Ka1 Qc1+ 46. Ka2 Qc2+ 1/2-1/2


[Site "https://www.chess.com"]

[Event "Titled Tuesday Blitz May 23 Late 2023"]
[White "Toncheva, Nadya"]
[Black "Bogaudinov, Rushan"]
[WhiteFideId "2924056"]
[BlackFideId "4129288"]
[WhiteElo "2101"]
[BlackElo "1941"]
[Result "1-0"]
[Round "10"]
[TimeControl "180+2"]
[Date "2023.05.23"]
[WhiteClock "0:00:04"]
[BlackClock "0:00:08"]

1. d4 d5 2. c4 dxc4 3. e3 e6 4. Bxc4 Nf6 5. Nf3 Be7 6. O-O O-O 7. Nc3 a6 8. e4 b5 9. Bd3 Bb7 10. e5 Nfd7 11. Qc2 g6 12. Bh6 Re8 13. Ne4 Nc6 14. a3 Na5 15. Rfd1 Nc4 16. Ng3 Bxf3 17. gxf3 Ndb6 18. Be4 Nd5 19. a4 Qd7 20. b3 Na5 21. axb5 axb5 22. Rab1 Rec8 23. Qd3 b4 24. Bxd5 Qxd5 25. Ne4 Nb7 26. Bg5 Bxg5 27. Nxg5 c5 28. Ne4 Qxd4 29. Qb5 Qxe5 30. Qxb7 Rab8 31. Qd7 Rc7 32. Qd3 Kg7 33. Rbc1 h5 34. Qe3 h4 35. Nxc5 Qxe3 36. fxe3 Rbc8 37. Nd3 Rc3 38. Rxc3 Rxc3 39. Nxb4 Rxe3 40. Rd3 Re2 41. Nc6 g5 42. b4 h3 43. b5 Rb2 44. Nd4 e5 45. Nf5+ Kf6 46. Nd6 Ke6 47. Ne8 Rg2+ 48. Kf1 Rxh2 49. Rb3 Rc2 50. Kg1 Kf5 51. b6 Kf4 52. b7 Rc1+ 53. Kh2 Rc2+ 54. Kxh3 Rc1 55. b8=Q f5 56. Qb4+ e4 57. Qd6# 1-0


[Site "https://www.chess.com"]